[Event "21st Iraklios Athens Challenge 2018"]
[Site "Athens"]
[Date "2018.06.18"]
[Round "3"]
[White "Kotrotsos, Vasilios"]
[Black "Gazis, Efstathios"]
[Result "1-0"]
[ECO "E24"]
[WhiteElo "2253"]
[BlackElo "2203"]
[Annotator "ChessBase"]
[PlyCount "73"]
[EventDate "2018.06.16"]
[EventType "swiss"]
[EventCountry "GRE"]
[SourceTitle "playchess.com"]
[Source "ChessBase"]
[SourceQuality "1"]
[TimeControl "5400+30"]

1. d4 Nf6 2. c4 e6 3. Nc3 Bb4 4. a3 Bxc3+ 5. bxc3 Ne4 6. e3 O-O 7. Bd3 f5 8. Ne2 b6 9. f3 Nf6 10. O-O Nc6 11. e4 fxe4 12. fxe4 e5 13. h3 d6 14. Be3 Ba6 15. Ng3 Na5 16. Qe2 Qe8 17. a4 Qf7 18. Bg5 Bxc4 19. Bxf6 Bxd3 20. Qxd3 gxf6 21. Nf5 Kh8 22. Rf3 exd4 23. cxd4 d5 24. e5 Rae8 25. Raf1 Qh5 26. Ne3 c6 27. Rxf6 Rxf6 28. Rxf6 Rg8 29. Ng4 Qg5 30. e6 Nc4 31. Rf7 Rg7 32. Qf3 Nd6 33. Rf8+ Rg8 34. Rxg8+ Kxg8 35. Qg3 Ne4 36. Nf6+ Kf8 37. Nxh7+ 1-0

[Event "21st Iraklios Athens Challenge 2018"]
[Site "Athens"]
[Date "2018.06.18"]
[Round "3"]
[White "Nikolaidis, Konstantinos"]
[Black "Lekic, Dusan"]
[Result "1/2-1/2"]
[ECO "D12"]
[WhiteElo "2175"]
[BlackElo "2368"]
[Annotator "ChessBase"]
[PlyCount "49"]
[EventDate "2018.06.16"]
[EventType "swiss"]
[EventCountry "GRE"]
[SourceTitle "playchess.com"]
[Source "ChessBase"]
[SourceQuality "1"]
[TimeControl "5400+30"]

1. d4 d5 2. c4 c6 3. Nf3 Nf6 4. e3 Bf5 5. Nc3 e6 6. Nh4 Be4 7. f3 Bg6 8. Qb3 Qc7 9. Bd2 Be7 10. Nxg6 hxg6 11. g3 Nbd7 12. Rc1 Nb6 13. cxd5 exd5 14. Be2 a5 15. a3 a4 16. Qc2 Bd6 17. f4 Qd7 18. Nd1 g5 19. Nf2 gxf4 20. exf4 Kf8 21. Nd1 Ne4 22. Nf2 Ke8 23. O-O Qe7 24. Nxe4 dxe4 25. Bg4 1/2-1/2

[Event "21st Iraklios Athens Challenge 2018"]
[Site "Athens"]
[Date "2018.06.19"]
[Round "4"]
[White "Katopodis, Dimitrios"]
[Black "Ergazakis, Ioannis"]
[Result "1/2-1/2"]
[ECO "E05"]
[WhiteElo "2256"]
[BlackElo "2208"]
[Annotator "NA"]
[PlyCount "67"]
[EventDate "2018.06.16"]
[EventType "swiss"]
[EventCountry "GRE"]
[SourceTitle "playchess.com"]
[Source "ChessBase"]
[SourceQuality "1"]
[TimeControl "5400+30"]

1. d4 Nf6 2. Nf3 e6 3. g3 Be7 4. Bg2 O-O 5. c4 d5 {LiveBook: 9058 Games} 6. O-O dxc4 7. Ne5 Nc6 8. Bxc6 bxc6 9. Nxc6 Qe8 10. Nxe7+ Qxe7 11. Qc2 c5 12. Qxc4 cxd4 13. Qxd4 e5 14. Qh4 Qb7 15. Nc3 Be6 $11 16. b3 Nd5 17. Ne4 Nf4 18. Nf6+ gxf6 19. gxf4 Qe4 20. f3 Qxe2 21. fxe5 Qxe5 22. Bf4 Qd4+ 23. Kh1 Bf5 24. Rad1 Qc3 25. Rc1 Qb2 26. Rf2 Qd4 27. Rd2 Qb6 28. Rd6 Qb7 29. Rf1 Qe7 30. Re1 Qb7 31. Kg2 Qb4 32. Rg1 Qc3 33. Rc1 Qb2+ 34. Kh1 1/2-1/2

[Event "21st Iraklios Athens Challenge 2018"]
[Site "Athens"]
[Date "2018.06.19"]
[Round "4"]
[White "Spyropoulos, Nikolaos"]
[Black "Gogolis, Alexandros"]
[Result "1-0"]
[ECO "B36"]
[WhiteElo "2224"]
[BlackElo "2204"]
[Annotator "NA"]
[PlyCount "125"]
[EventDate "2018.06.16"]
[EventType "swiss"]
[EventCountry "GRE"]
[SourceTitle "playchess.com"]
[Source "ChessBase"]
[SourceQuality "1"]
[TimeControl "5400+30"]

1. e4 c5 2. Nf3 Nc6 3. d4 cxd4 4. Nxd4 g6 5. c4 Nf6 6. Nc3 d6 7. Be2 Nxd4 8. Qxd4 Bg7 9. Be3 O-O 10. Qd2 a5 {B36: Sicilian: Maroczy Bind: Gurgenidze System} 11. Rd1 Bd7 (11... a4 12. O-O Be6 13. Bd4 Qa5 14. Qe3 Nd7 15. f4 Rac8 16. b3 axb3 17. axb3 Bxd4 18. Rxd4 {1-0 (58) Harikrishna,P (2744)-Mamedov,R (2709) Huaian 2017}) 12. c5 Bc6 {LiveBook: 3 Games} 13. Qc2 {[#]} d5 $146 ({Predecessor:} 13... Qc8 14. Bf3 dxc5 15. Bxc5 Qe6 16. O-O Rac8 17. Qb3 Qxb3 18. axb3 Bxe4 19. Nxe4 Nxe4 20. Bxe7 {½-½ (60) Reinaldo Castineira,R (2492)-Iturrizaga Bonelli,E (2603) Pamplona 2011}) 14. exd5 Nxd5 15. Nxd5 Bxd5 16. Bf3 e6 17. O-O a4 18. Rd3 Qd7 19. Rfd1 Rfd8 20. Bg5 Re8 21. h3 Qc6 22. Bxd5 exd5 23. Rxd5 Re1+ 24. Rxe1 Qxd5 25. Bf4 Qxa2 26. c6 bxc6 27. Qxc6 Rf8 28. Bd6 Bxb2 29. Re8 Bg7 30. Bxf8 Bxf8 31. Qc5 Qa1+ 32. Kh2 Qg7 33. Ra8 h5 34. h4 f6 35. Qc4+ Qf7 36. Qxa4 Qe7 37. Qb3+ Qf7 38. Qe3 Qd7 39. Ra7 Qd5 40. Qe8 Qe5+ 41. Qxe5 fxe5 42. Kg3 Bc5 43. Rc7 Bd4 44. Kf3 Kf8 45. Rc2 Ke7 46. Ke4 Ba1 47. Rc7+ Ke6 48. Rc6+ Kf7 49. f3 Bb2 50. Kd5 Ba1 51. Re6 Bd4 52. Rxe5 Bf2 53. Re4 Kf6 54. g4 hxg4 55. Rxg4 Be1 56. Ke4 $18 (56. Rf4+ $142 Kg7 57. Ke6) 56... Bf2 57. f4 Be1 58. Kf3 Bc3 59. Rg5 Bd2 60. Kg4 Bc1 61. Ra5 Bd2 62. Ra6+ Kg7 63. Kg5 1-0

[Event "21st Iraklios Athens Challenge 2018"]
[Site "Athens"]
[Date "2018.06.21"]
[Round "6"]
[White "Katopodis, Dimitrios"]
[Black "Gogolis, Alexandros"]
[Result "1-0"]
[ECO "D11"]
[WhiteElo "2256"]
[BlackElo "2204"]
[Annotator "NA"]
[PlyCount "81"]
[EventDate "2018.06.16"]
[EventType "swiss"]
[EventCountry "GRE"]
[SourceTitle "playchess.com"]
[Source "ChessBase"]
[SourceQuality "1"]
[TimeControl "5400+30"]

1. d4 d5 2. Nf3 Nf6 3. c4 c6 4. e3 a6 5. Bd3 Bg4 6. Nbd2 e6 7. O-O Nbd7 8. Qc2 Bd6 9. b3 O-O 10. Bb2 Qb8 11. h3 Bh5 12. Ng5 h6 13. Ngf3 Bxf3 14. Nxf3 Re8 15. Rad1 a5 16. Nd2 a4 17. c5 axb3 18. axb3 Bc7 19. f4 Ra2 20. Ra1 Rxa1 21. Rxa1 Kh8 22. Nf3 Ne4 23. Bxe4 dxe4 24. Ne5 Bxe5 25. dxe5 b6 26. b4 bxc5 27. bxc5 Nxc5 28. Bd4 Nd3 29. Qxc6 Rc8 30. Qxe4 Qb3 31. Kh2 g6 32. Ra7 Kg7 33. f5 gxf5 34. Qh4 Rf8 35. Qf6+ Kg8 36. Qxh6 Qd5 37. Qg5+ Kh7 38. Qf6 Kg8 39. Ra4 Qc6 40. Qg5+ Kh7 41. Bc5 1-0

[Event "21st Iraklios Athens Challenge 2018"]
[Site "Athens"]
[Date "2018.06.22"]
[Round "7"]
[White "Galunova, Tsveta"]
[Black "Papadopoulos, Georgios"]
[Result "0-1"]
[ECO "A65"]
[WhiteElo "2200"]
[BlackElo "2301"]
[Annotator "NA"]
[PlyCount "82"]
[EventDate "2018.06.16"]
[EventType "swiss"]
[EventCountry "GRE"]
[SourceTitle "playchess.com"]
[Source "ChessBase"]
[SourceQuality "1"]
[TimeControl "5400+30"]

1. d4 Nf6 2. c4 g6 3. Nc3 Bg7 4. e4 d6 5. f3 O-O 6. Nge2 c5 7. d5 e6 8. Ng3 exd5 9. cxd5 h5 10. Bg5 Qb6 11. Qd2 Nh7 12. Bh4 Nd7 13. Be2 g5 14. Bxg5 Nxg5 15. Qxg5 Qxb2 16. Rc1 Nf6 17. Nd1 Qb4+ 18. Kf2 Qd4+ 19. Ne3 h4 20. Ngf5 Bxf5 21. Rhd1 Bxe4 22. Rxd4 cxd4 23. Nf5 Bxf5 24. Qxf5 Rae8 25. f4 Re3 26. Bd3 Rfe8 27. Rc7 R3e7 28. Rxe7 Rxe7 29. h3 Rc7 30. Qg5 Rc3 31. Ke2 Ra3 32. Bb1 Rg3 33. Qf5 Rxg2+ 34. Kf1 Rg3 35. Qc8+ Bf8 36. Qxb7 Rxh3 37. Ke2 Re3+ 38. Kd1 h3 39. Qb5 h2 40. Qf1 Rg3 41. Ke2 Rg1 0-1

[Event "21st Iraklios Athens Challenge 2018"]
[Site "Athens"]
[Date "2018.06.23"]
[Round "8"]
[White "Lekic, Dusan"]
[Black "Papadopoulos, Georgios"]
[Result "0-1"]
[ECO "E90"]
[WhiteElo "2368"]
[BlackElo "2301"]
[Annotator "NA"]
[PlyCount "93"]
[EventDate "2018.06.16"]
[EventType "swiss"]
[EventCountry "GRE"]
[SourceTitle "playchess.com"]
[Source "ChessBase"]
[SourceQuality "1"]
[TimeControl "5400+30"]

1. d4 Nf6 2. c4 g6 3. Nc3 Bg7 4. e4 d6 5. h3 O-O 6. Be3 c5 7. Nf3 cxd4 8. Nxd4 b6 9. g3 Bb7 10. Bg2 Nbd7 11. O-O Nc5 12. Qc2 Rc8 13. Rac1 a6 14. Qb1 e6 15. b4 Ncd7 16. e5 Bxg2 17. exf6 Bxf1 18. fxg7 Kxg7 19. Kxf1 Rxc4 20. Nce2 Rxc1+ 21. Qxc1 Kh8 22. Bh6 Re8 23. Qf4 Qe7 24. Nc6 e5 25. Nxe7 exf4 26. Nd5 fxg3 27. Be3 gxf2 28. Bd4+ Kg8 29. Nxb6 Nxb6 30. Bxb6 Re4 31. Nd4 Re1+ 32. Kxf2 Ra1 33. Nc6 Rxa2+ 34. Kg3 f5 35. Ba5 Kf7 36. Nb8 Ke6 37. Nxa6 Kd5 38. Nc7+ Ke4 39. h4 f4+ 40. Kh3 d5 41. Nb5 d4 42. Bb6 Rb2 43. Bc5 d3 44. Nc3+ Kf3 45. b5 d2 46. b6 Rb1 47. Bd4 0-1

[Event "21st Iraklios Athens Challenge 2018"]
[Site "Athens"]
[Date "2018.06.23"]
[Round "8"]
[White "Katopodis, Dimitrios"]
[Black "Sipsis, Tsatsoulis Georgios"]
[Result "1/2-1/2"]
[ECO "A11"]
[WhiteElo "2256"]
[BlackElo "1577"]
[Annotator "NA"]
[PlyCount "27"]
[EventDate "2018.06.16"]
[EventType "swiss"]
[EventCountry "GRE"]
[SourceTitle "playchess.com"]
[Source "ChessBase"]
[SourceQuality "1"]
[TimeControl "5400+30"]

1. Nf3 d5 2. c4 c6 3. e3 Nf6 4. Nc3 a6 5. h3 Bf5 6. b3 h6 7. Ba3 Nbd7 8. Be2 e6 9. Bxf8 Nxf8 10. O-O N8d7 11. Qc1 O-O 12. Qa3 Re8 13. Rac1 a5 14. cxd5 1/2-1/2

[Event "21st Iraklios Athens Challenge 2018"]
[Site "Athens"]
[Date "2018.06.24"]
[Round "9"]
[White "Gazis, Efstathios"]
[Black "Spyropoulos, Nikolaos"]
[Result "0-1"]
[ECO "A13"]
[WhiteElo "2203"]
[BlackElo "2224"]
[Annotator "NA"]
[PlyCount "104"]
[EventDate "2018.06.16"]
[EventType "swiss"]
[EventCountry "GRE"]
[SourceTitle "playchess.com"]
[Source "ChessBase"]
[SourceQuality "1"]
[TimeControl "5400+30"]

1. Nf3 Nf6 2. c4 e6 3. b3 d5 4. Bb2 Nbd7 5. g3 c6 6. Bg2 Bd6 7. O-O O-O 8. Nc3 Rb8 9. d3 Qe7 10. cxd5 exd5 11. Nd4 Ne5 12. a3 a5 13. Qc2 Bd7 14. e3 Rbc8 15. Rfe1 Bb8 16. Nf3 Nxf3+ 17. Bxf3 Rfe8 18. Na4 Bf5 19. Qc3 Qd8 20. b4 Be5 21. Qb3 Bxb2 22. Nxb2 Qb6 23. d4 Ne4 24. Red1 Ra8 25. Be2 Qd8 26. b5 Qf6 27. Nd3 Ng5 28. Ra2 Be4 29. f4 Nh3+ 30. Kf1 h5 31. Bxh5 Qf5 32. Be2 Ng5 33. Nf2 Nh7 34. Bg4 Qg6 35. bxc6 bxc6 36. Rc1 Rab8 37. Qa4 Nf6 38. Rxc6 Bb1 39. Rd2 Rxe3 40. Kg2 Be4+ 41. Kf1 Nxg4 42. Rxg6 Nxh2+ 43. Kg1 Nf3+ 44. Kg2 Nxd2+ 45. Nxe4 Nxe4 46. Rg4 Rb2+ 47. Kh3 Nf2+ 48. Kh4 Rb1 49. Qxa5 Rh1+ 50. Kg5 Ne4+ 51. Kf5 Nd6+ 52. Kg5 f6+ 0-1